 Dungeon Crawl Stone Soup version 0.24-a0-274-gb3763e6d51 (webtiles) character file.

Game seed: 1085531857808670304

5219 HAL9000 the Carver (level 10, 0/56 HPs)
             Began as a Demonspawn Chaos Knight on Apr 27, 2019.
             Was a Plaything of Xom.
             Killed by divine providence
             ... invoked by an orc priest
              (10 damage)
             ... on level 9 of the Dungeon.
             The game lasted 00:18:37 (8837 turns).

HAL9000 the Carver (Demonspawn Chaos Knight)        Turns: 8837, Time: 00:18:37

Health: 0/56       AC: 16    Str: 15    XL:     10   Next: 35%
Magic:  11/11      EV: 16    Int: 13    God:    Xom [...*..]
Gold:   350        SH:  6    Dex: 23    Spells: 9/9 levels left

rFire    + . .     SeeInvis .   b - +0 scimitar (flame)
rCold    + . .     Gourm    .   C - +0 buckler (curse)
rNeg     . . .     Faith    .   E - +5 ring mail "Cesous" {+Inv rF+ Dex+4}
rPois    +         Spirit   .   w - +0 hat
rElec    .         Reflect  .   D - +2 cloak
rCorr    .         Harm     .   g - +0 pair of gloves
MR       .....                  (no boots)
Stlth    ++++......             (no amulet)
HPRegen  0.18/turn              p - ring of flight
MPRegen  0.12/turn              q - ring of poison resistance

@: agile
A: hooves 2, horns 1, yellow scales 1, cold resistance 1, frail 2, high mp 1,
nightstalker 2
a: Renounce Religion, Evoke Invisibility, Evoke Flight


You were on level 9 of the Dungeon.
You worshipped Xom.
You were a favourite toy of Xom.
You were not hungry.

You visited 1 branch of the dungeon, and saw 9 of its levels.

You collected 350 gold pieces.

Inventory:

Hand Weapons
 b - a +0 scimitar of flaming (weapon)
Missiles
 t - 16 tomahawks (quivered)
Armour
 g - a +0 pair of gloves (worn)
 w - a +0 hat (worn)
 C - a cursed +0 buckler (worn)
 D - a +2 cloak (worn)
 E - the +5 ring mail "Cesous" (worn) {+Inv rF+ Dex+4}
   (You found it on level 6 of the Dungeon)

   It affects your dexterity (+4).
   It protects you from fire.
   It lets you turn invisible.
Jewellery
 p - a ring of flight (left hand)
 q - a ring of poison resistance (right hand)
Wands
 h - a wand of flame (11)
 s - a wand of random effects (14)
 y - a wand of iceblast (9)
 A - a wand of disintegration (5)
Scrolls
 a - a scroll of enchant weapon {unknown}
 d - 3 scrolls of remove curse
 e - a scroll of teleportation
 i - 3 scrolls of fear {unknown}
 l - a scroll of amnesia {unknown}
 m - 2 scrolls of fog {unknown}
 n - 3 scrolls of identify
 o - a scroll of noise {unknown}
 u - 2 scrolls of magic mapping {unknown}
 B - a scroll of enchant armour
Potions
 f - a potion of heal wounds
 j - a potion of brilliance
 k - a potion of curing
 v - a potion of resistance {unknown}
 z - a potion of agility
Comestibles
 c - 25 rations
 r - 6 chunks of flesh


   Skills:
 - Level 3.9 Fighting
 + Level 13.1 Long Blades
 - Level 2.1 Armour
 - Level 1.4 Dodging
 - Level 1.0 Stealth
 + Level 3.3 Shields


You had 9 spell levels left.
You didn't know any spells.
Your spell library was empty.

Dungeon Overview and Level Annotations

Branches:
Dungeon (9/15)             Temple (0/1) D:6
   Lair: D:8-11         Orc: D:9-12

Altars:
Hepliaklqana
Makhleb
Nemelex Xobeh
Sif Muna
Uskayaw
Vehumet
Xom
Yredelemnul
Zin

Annotations:
D:8 1 runed translucent door, Hercules1031's ghost, novice FoFi


Innate Abilities, Weirdness & Mutations

You have hoof-like feet.
Your flesh is cold resistant. (rC+)
You are significantly more attuned to the shadows.
You have a pair of small horns on your head.
You are partially covered in yellow scales. (AC +2)
You are very frail. (-20% HP)
You have an increased reservoir of magic. (+10% MP)


Message History

You kick the hippogriff, but do no damage.
The hippogriff is heavily wounded.
The hippogriff closely misses you. The hippogriff misses you.
The hippogriff claws you but does no damage.
You slash the hippogriff! You burn the hippogriff. You kick the hippogriff.
You kill the hippogriff!
You swap places.
Things that are here:
a +3 hand axe; a cursed +0 robe You swap places.
You start resting.
The eye of devastation is too close now for your liking.
An eye of devastation is nearby!
Found a scroll labeled YNTEJA KEABLIPTER.
Found a stone staircase leading up.
The orc wizard shouts!
The orc priest shouts!
You hear a shout! x2
The orc priest invokes the aid of Beogh against you.
Beogh smites you!
You die... "What!?
That's it?"

##......##. ........... ######
..............##..... #.....
............o..<....?. #........
..........o............#....#...
......$................#....#...
##......##..o..........#....#...
#.oo...##.....@(......#....#...
#..$....#.............#........
#..oO............)...G..)([(G..
#....#####'#########+#########+
+....# . #...#. #....# #...
#....# .. #) #....# #.#.# #....+
..#(


You could see 2 orc priests, an orc wizard and a friendly +4 scimitar.

Vanquished Creatures
  A two-headed ogre (D:9)
  An efreet (D:6)
  3 slime creatures (D:7)
  A hippogriff (D:9)
  Sigmund (D:4)
  2 hungry ghosts
  2 orc warriors (D:7)
  3 ogres
  4 phantoms
  2 centaurs (D:8)
  3 big kobolds (D:7)
  3 bullfrogs
  A water moccasin zombie (D:7)
  2 scorpions (D:9)
  A killer bee (D:6)
  8 wights
  3 crimson imps
  A centaur zombie (D:8)
  A bullfrog skeleton (D:5)
  A gnoll shaman (D:8)
  A hound (D:3)
  2 jellies (D:7)
  6 orc priests
  2 iguanas
  5 worker ants
  7 orc wizards
  A worker ant zombie (D:5)
  4 adders
  4 gnolls (D:8)
  4 shadow imps
  9 oozes
  An adder zombie (D:6)
  An adder skeleton (D:4)
  4 worms
  2 dart slugs
  4 leopard geckos
  26 orcs
  A ball python (D:1)
  10 bats
  4 giant cockroaches
  8 goblins
  8 hobgoblins
  2 jackals (D:4)
  2 quokkas (D:2)
  7 frilled lizards
  A jackal zombie (D:5)
  16 kobolds
  A leopard gecko zombie (D:5)
  9 rats
196 creatures vanquished.

Vanquished Creatures (collateral kills)
  A basilisk (D:9)
  A warg (D:9)
  An orc warrior (D:9)
  A scorpion (D:6)
  A wight (D:9)
  A crimson imp (D:9)
  2 orcs (D:6)
  A kobold (D:7)
9 creatures vanquished.

Vanquished Creatures (others)
  A hound (D:6)
  3 bushes (D:9)
  7 fungi
  9 plants (D:9)
  7 toadstools (D:7)
27 creatures vanquished.

Grand Total: 232 creatures vanquished

Notes
Turn   | Place    | Note
-------+----------+-------------------------------------------
     0 | D:1      | HAL9000 the Demonspawn Chaos Knight began the quest for the
                  | Orb.
     0 | D:1      | Reached XP level 1. HP: 18/18 MP: 1/1
    26 | D:1      | XOM: potion effect (berserk rage)
    44 | D:1      | Reached skill level 3 in Long Blades
    44 | D:1      | Gained mutation: Your flesh is cold resistant. (rC+)
                  | [demonic ancestry]
    44 | D:1      | Reached XP level 2. HP: 15/24 MP: 2/2
   130 | D:1      | XOM: divination: detect creatures
   247 | D:1      | Reached skill level 1 in Dodging
   316 | D:1      | Gained mutation: You are slightly more attuned to the
                  | shadows. [demonic ancestry]
   316 | D:1      | Reached XP level 3. HP: 29/29 MP: 3/3
   626 | D:2      | Found a burning altar of Makhleb.
   729 | D:2      | XOM: harmless Conj miscast
  1363 | D:3      | Gained mutation: You are significantly more attuned to the
                  | shadows. [demonic ancestry]
  1363 | D:3      | Reached XP level 4. HP: 34/37 MP: 4/4
  1366 | D:3      | XOM: smoke on damage
  1751 | D:3      | XOM: 10-stop teleportation journey
  1781 | D:3      | Found a deep blue altar of Sif Muna.
  1883 | D:3      | Reached skill level 1 in Stealth
  2064 | D:4      | Found a radiant altar of Vehumet.
  2071 | D:4      | Reached skill level 4 in Long Blades
  2185 | D:4      | Noticed a phantom
  2200 | D:4      | Killed a phantom
  2200 | D:4      | Reached XP level 5. HP: 32/42 MP: 5/5
  2230 | D:4      | XOM: give mutations
  2230 | D:4      | Gained mutation: You have a pair of small horns on your
                  | head. [Xom's grace]
  2230 | D:4      | Gained mutation: Your muscles are strong. (Str +2) [Xom's
                  | grace]
  2230 | D:4      | Gained mutation: Your mind is acute. (Int +2) [Xom's grace]
  2443 | D:4      | Reached skill level 5 in Long Blades
  2888 | D:4      | Noticed a phantom
  2897 | D:4      | Killed a phantom
  2897 | D:4      | Gained mutation: You have large cloven feet. [demonic
                  | ancestry]
  2897 | D:4      | Reached XP level 6. HP: 48/48 MP: 6/6
  3111 | D:4      | Noticed Sigmund
  3124 | D:4      | Killed Sigmund
  3124 | D:4      | Reached skill level 6 in Long Blades
  3249 | D:4      | XOM: god gift: scroll labeled QUCLEIZXUHU {god gift}
  3294 | D:4      | XOM: god gift: 13 gold pieces
  3351 | D:5      | Entered Level 5 of the Dungeon
  3390 | D:5      | Found a hide-covered altar of Uskayaw.
  3484 | D:5      | Found a radiant altar of Vehumet.
  3505 | D:5      | Reached XP level 7. HP: 46/53 MP: 7/7
  3587 | D:5      | XOM: polymorph hound -> ooze
  3718 | D:5      | XOM: god gift: bubbling orange potion {god gift}
  3765 | D:5      | XOM: give mutations
  3765 | D:5      | Gained mutation: You are partially covered in yellow
                  | scales. (AC +2) [Xom's grace]
  3765 | D:5      | Gained mutation: You are robust. (+10% HP) [Xom's grace]
  3999 | D:6      | XOM: god gift: 7 rations
  4020 | D:6      | XOM: give mutations
  4020 | D:6      | Lost mutation: Your muscles are strong. (Str +2) [Xom's
                  | mischief]
  4020 | D:6      | Lost mutation: You are robust. (+10% HP) [Xom's mischief]
  4020 | D:6      | Gained mutation: You occasionally shout uncontrollably at
                  | your foes. [Xom's mischief]
  4020 | D:6      | Lost mutation: Your mind is acute. (Int +2) [Xom's
                  | mischief]
  4170 | D:6      | Reached skill level 7 in Long Blades
  4188 | D:6      | XOM: mild Pois miscast
  4202 | D:6      | XOM: divination: magic mapping
  4438 | D:6      | XOM: cloud trail
  4459 | D:6      | Found a hazy altar of Hepliaklqana.
  4578 | D:6      | Got an ichor-stained ring mail
  4589 | D:6      | Identified the +1 ring mail of Honour {Dex+4} (You found it
                  | on level 6 of the Dungeon)
  4643 | D:6      | XOM: butterfly on damage
  4644 | D:6      | Reached skill level 8 in Long Blades
  4661 | D:6      | XOM: summons 5 friendly demons
  4662 | D:6      | Reached XP level 8. HP: 35/60 MP: 8/8
  4694 | D:6      | Found a staircase to the Ecumenical Temple.
  4895 | D:6      | Found a sparkling altar of Nemelex Xobeh.
  4909 | D:6      | XOM: god gift: ration
  4927 | D:6      | Got a warped ring mail
  4938 | D:6      | Identified the +5 ring mail "Cesous" {+Inv rF+ Dex+4} (You
                  | found it on level 6 of the Dungeon)
  4942 | D:6      | XOM: harmless Fire miscast
  4947 | D:6      | Noticed an efreet
  4971 | D:6      | HP: 2/60 [something/fireball (13)]
  5068 | D:6      | XOM: god gift: ring mail {god gift}
  5251 | D:6      | Found a glowing silver altar of Zin.
  5325 | D:6      | XOM: give mutations
  5325 | D:6      | Gained mutation: You are frail. (-10% HP) [Xom's mischief]
  5325 | D:6      | Lost mutation: You occasionally shout uncontrollably at
                  | your foes. [Xom's mischief]
  5325 | D:6      | Gained mutation: You are very frail. (-20% HP) [Xom's
                  | mischief]
  5395 | D:6      | Killed an efreet
  5395 | D:6      | Reached skill level 9 in Long Blades
  5554 | D:6      | XOM: give mutation
  5554 | D:6      | Gained mutation: You have an increased reservoir of magic.
                  | (+10% MP) [Xom's grace]
  5602 | D:7      | XOM: cast spell 'Summon Small Mammal'
  5607 | D:7      | XOM: enchant monster (good)
  5745 | D:7      | Reached skill level 10 in Long Blades
  5871 | D:7      | Noticed a slime creature
  5878 | D:7      | Killed a slime creature
  5884 | D:7      | Noticed a slime creature
  5888 | D:7      | XOM: noise
  5889 | D:7      | Noticed a slime creature
  5890 | D:7      | Killed a slime creature
  5890 | D:7      | Gained mutation: You have hoof-like feet. [demonic
                  | ancestry]
  5890 | D:7      | Reached XP level 9. HP: 30/52 MP: 9/9
  5896 | D:7      | XOM: butterfly on damage
  5961 | D:6      | XOM: scenery: create altars
  6100 | D:6      | XOM: medium Hex miscast
  6172 | D:7      | Reached skill level 1 in Shields
  6175 | D:7      | Reached skill level 11 in Long Blades
  6413 | D:7      | XOM: potion effect (haste)
  6540 | D:7      | XOM: divination: detect items
  7310 | D:8      | Found a runed translucent door.
  7311 | D:8      | Found a shimmering altar of Xom.
  7311 | D:8      | Noticed Hercules1031's ghost (novice FoFi)
  7312 | D:8      | Noticed a +0 mace of chaos
  7431 | D:8      | XOM: divination: detect items
  7580 | D:7      | XOM: silly message
  7647 | D:8      | XOM: harmless Pois miscast
  7779 | D:8      | Reached skill level 12 in Long Blades
  7917 | D:8      | XOM: cloud trail
  8097 | D:8      | XOM: god gift: 5 needles of confusion
  8148 | D:8      | XOM is BORED!
  8148 | D:8      | XOM: noise
  8333 | D:8      | Found a basalt altar of Yredelemnul.
  8348 | D:8      | XOM: god gift: 15 stones
  8369 | D:9      | XOM: noise
  8371 | D:9      | XOM: summons 4 hostile demons
  8375 | D:9      | XOM: confusion
  8378 | D:9      | Noticed a two-headed ogre
  8503 | D:9      | XOM: god gift: 36 gold pieces
  8513 | D:9      | XOM: cast spell 'Death Channel'
  8528 | D:9      | Reached XP level 10. HP: 27/56 MP: 11/11
  8715 | D:9      | Killed a two-headed ogre
  8716 | D:9      | Noticed an orc knight
  8812 | D:9      | Noticed an eye of devastation
  8812 | D:9      | an orc knight changed into an eye of devastation
  8812 | D:9      | XOM: polymorph orc knight -> eye of devastation
  8820 | D:9      | Reached skill level 13 in Long Blades
  8837 | D:9      | Killed from afar by an orc priest

Levels and vault maps discovered:
D:1:      lemuel_arrival_muddy, layout_basic
D:2:      layout_loops_ring, bloody_makhleb
D:3:      layout_basic, led_sif_pool, serial_glass, glass_columns_b,
          glass_columns_a, feat_on_display, feat_on_display, first_ration
D:4:      layout_basic, vehumet_altar_wand_db, uniq_sigmund
D:5:      layout_rooms, eat_drink_and_be_merry_uskayaw, lemuel_crystal_altar
D:6:      layout_basic, nicolae_overflow_hidden_temple,
          nemelex_xobeh_ov_fountains_minmay, minmay_temple_entry_wispy,
          basic_altar, minmay_three_doors
D:7:      cheibrodos_fertilizer, layout_basic, minmay_fractal_squares_gapless_5
D:8:      layout_basic, marbit_many_paths, ebering_ghost_xom
D:9:      minmay_the_grid_3x3 [minmay_the_grid_doors,
          minmay_the_grid_minigrid_small_alt, minmay_the_grid_plusring,
          minmay_the_grid_empty, minmay_the_grid_all_tris,
          minmay_the_grid_zigzag_pyramid, minmay_the_grid_armoury,
          minmay_the_grid_odd_star, minmay_the_grid_prize_trominoes],
          layout_gridville, minmay_lair_entry_grove, the_bakery

Skill      XL: |  1  2  3  4  5  6  7  8  9 10 |
---------------+-------------------------------+-----
Long Blades    | 3 4 5 6 8 10 12 13 | 13.1
Dodging        | 1 |  1.4
Armour         | 2 |  2.1
Stealth        | 1 |  1.0
Shields        | 2 3 |  3.3
Fighting       | |  3.9

Action                   |  1- 3 |  4- 6 |  7- 9 | 10-12 || total
-------------------------+-------+-------+-------+-------++-------
Melee: Falchion          |   120 |    99 |    99 |       ||   318
       Headbutt          |       |     9 |    82 |    16 ||   107
       Kick              |       |     4 |   114 |    12 ||   130
       Scimitar          |       |       |   226 |    37 ||   263
  Use: Scroll            |       |       |     9 |       ||     9
       Potion            |       |       |     6 |     2 ||     8
 Stab: Sleeping          |     5 |     6 |     9 |       ||    20
       Confused          |     1 |       |     2 |       ||     3
       Petrified         |       |     1 |       |       ||     1
       Paralysed         |       |     4 |     1 |       ||     5
       Distracted        |       |       |     1 |     1 ||     2
  Eat: Chunk             |     1 |     7 |    11 |     2 ||    21
       Ration            |       |       |     3 |       ||     3
Armor: Leather armour    |    43 |    26 |    17 |       ||    86
       Ring mail         |       |       |    85 |    15 ||   100
Dodge: Dodged            |    67 |    56 |   107 |    17 ||   247
Block: Buckler           |       |       |    49 |     8 ||    57
       Rpst.: Falchion   |    14 |    21 |     5 |       ||    40
       Scimitar          |       |       |    22 |     3 ||    25

Table legend:
 A = Non-vault XP
 B = Vault XP
 C = Vault XP percentage of total XP
 D = Non-vault monster count
 E = Vault monster count
 F = Vault count percentage of total count
                 A         B        C        D         E       F
            +---------+---------+-------+---------+---------+-------
      Total |    5072 |    2384 |  32.0 |     172 |      34 |  16.5
            +---------+---------+-------+---------+---------+-------
        D:1 |      48 |       0 |   0.0 |      28 |       0 |   0.0
        D:2 |      43 |       0 |   0.0 |      20 |       0 |   0.0
        D:3 |      84 |       0 |   0.0 |      23 |       0 |   0.0
        D:4 |     312 |     213 |  40.6 |      10 |       2 |  16.7
        D:5 |     123 |       0 |   0.0 |       9 |       0 |   0.0
        D:6 |     750 |     445 |  37.2 |      23 |       2 |   8.0
        D:7 |     549 |    1378 |  71.5 |      13 |      25 |  65.8
        D:8 |    1310 |       0 |   0.0 |      30 |       0 |   0.0
        D:9 |    1853 |     348 |  15.8 |      16 |       5 |  23.8
            +---------+---------+-------+---------+---------+-------
